 Dungeon Crawl Stone Soup version 0.20.0-3-g22ec75f (console) character file.

163 darko the Gusty (level 5, -5/38 HPs)
             Began as a Draconian Air Elementalist on May 26, 2017.
             Slain by a black bear (6 damage)
             ... on level 4 of the Dungeon.
             The game lasted 00:10:15 (1495 turns).

darko the Gusty (Draconian Air Elementalist)        Turns: 1495, Time: 00:10:17

Health: -5/38      AC:  6    Str: 10    XL:     5   Next: 20%
Magic:  8/8        EV: 13    Int: 17    God:
Gold:   138        SH:  0    Dex: 14    Spells: 7/8 levels left

rFire    . . .     SeeInvis .   e - +0 spear
rCold    . . .     Gourm    .   (no shield)
rNeg     . . .     Faith    .   (armour unavailable)
rPois    .         Spirit   .   (helmet restricted)
rElec    .         Reflect  .   l - +0 cloak
rCorr    .         Harm     .   (no gloves)
MR       .....                  (no boots)
Stlth    ++........             (no amulet)
Regen    0.2/turn               j - +3 ring of dexterity
MPRegen  0.2/turn               (no ring)

@: no status effects
A: unfitting armour, cold-blooded, AC +5
a: no special abilities


You were on level 4 of the Dungeon.
You were very hungry.

You visited 1 branch of the dungeon, and saw 4 of its levels.

You collected 138 gold pieces.

Inventory:

Hand Weapons
 e - a +0 spear (weapon)
 x - a +0 blowgun
Missiles
 k - 6 needles of sleeping
 u - 4 needles of confusion
 z - 2 tomahawks (quivered)
 B - 6 poisoned needles
Armour
 l - a +0 cloak (worn)
 n - a cursed +0 robe
Jewellery
 j - a +3 ring of dexterity (left hand)
Wands
 v - a wand of flame (30/48)
 w - a wand of disintegration (2/24)
 y - a wand of flame (25/48)
Scrolls
 f - 2 scrolls of enchant weapon {unknown}
 g - a scroll of fear {unknown}
 h - 2 scrolls of teleportation {unknown}
 o - 2 scrolls of amnesia {unknown}
 p - 2 scrolls of recharging {unknown}
 q - 2 scrolls of identify {unknown}
 r - a scroll of fog {unknown}
 t - a scroll of enchant armour {unknown}
 A - a scroll of magic mapping {unknown}
Potions
 d - a potion of invisibility {unknown}
 s - a potion of heal wounds {unknown}
Books
 a - a book of Air

   Spells                             Type                      Level
   a - Shock                          Conjuration/Air              1
   b - Swiftness                      Charms/Air                   2
   c - Static Discharge               Conjuration/Air              3
   d - Airstrike                      Air                          4
   e - Lightning Bolt                 Conjuration/Air              5
Comestibles
 b - 3 bread rations
 c - 2 royal jellies
 i - 4 fruits
 m - a meat ration


   Skills:
 * Level 0.3 Throwing
 + Level 3.5 Dodging
 - Level 2.0 Stealth
 - Level 2.0 Spellcasting
 - Level 1.0 Conjurations
 + Level 4.6 Air Magic


You had 7 spell levels left.
You knew the following spells:

 Your Spells              Type           Power        Failure   Level  Hunger
a - Shock                 Conj/Air       ##..         6%          1    #......


Dungeon Overview and Level Annotations

Branches:
Dungeon (4/15)
 Temple: D:4-7

Altars:


Innate Abilities, Weirdness & Mutations

Your plain brown scales are hard. (AC +5)
You cannot fit into any form of body armour.
You are cold-blooded and may be slowed by cold attacks.


Message History

The floor.
Unknown command.
Okay, then.
Evoke which item? (* to show all) (? for menu, Esc to quit)
Aiming: Throw Flame (will waste charges)
Press: ? - help, Shift-Dir - straight line, f/p - black bear
Aim: a black bear (severely wounded, berserk, fast, unusually strong)
The puff of flame hits the black bear.
The black bear is almost dead.
Evoking this partially-identified wand wasted a few charges.
The black bear bites you.
The black bear claws you but does no damage.
The black bear claws you.
* * * LOW HITPOINT WARNING * * *
The black bear bites you!
* * * LOW HITPOINT WARNING * * *
The black bear claws you.
* * * LOW HITPOINT WARNING * * *
The black bear claws you.
You die...

######
#....#
#...<#
+..@.#
##.h.#
#.(.#
#.(.#
#.(.#
..(.#
.#...#
#...#


You could see a black bear (berserk).

Vanquished Creatures
  A bullfrog (D:3)
  4 adders
  2 oozes
  A worm (D:2)
  4 dart slugs
  A leopard gecko (D:2)
  4 bats
  3 giant cockroaches
  6 goblins
  2 hobgoblins
  3 jackals (D:3)
  A quokka (D:3)
  2 ball pythons (D:2)
  3 frilled lizards
  7 kobolds
  4 rats
48 creatures vanquished.

Notes
Turn   | Place    | Note
-------+----------+-------------------------------------------
     0 | D:1      | darko the Draconian Air Elementalist began the quest for the Orb.
     0 | D:1      | Reached XP level 1. HP: 14/14 MP: 3/3
   117 | D:1      | Reached XP level 2. HP: 9/20 MP: 5/5
   553 | D:2      | Reached XP level 3. HP: 25/26 MP: 1/6
   819 | D:2      | Reached skill level 4 in Air Magic
   941 | D:3      | Reached XP level 4. HP: 25/33 MP: 1/7
  1009 | D:3      | Noticed a bullfrog
  1039 | D:3      | Killed a bullfrog
  1039 | D:3      | Reached XP level 5. HP: 23/38 MP: 8/8
  1479 | D:4      | Noticed a black bear
  1495 | D:4      | HP: 1/38 [black bear (2)]
  1495 | D:4      | Slain by a black bear

Skill      XL: |  1  2  3  4 |
---------------+-------------+-----
Dodging        | 2 3 |  3.5
Stealth        | 2 |  2.0
Air Magic      | 4 |  4.6
Throwing       | |  0.3
Spellcasting   | |  2.0
Conjurations   | |  1.0

Action                   |  1- 3 |  4- 6 || total
-------------------------+-------+-------++-------
Melee: Spear             |    92 |    53 ||   145
       Tailslap          |    10 |     7 ||    17
 Fire: Blowgun           |       |     5 ||     5
Throw: Tomahawk          |       |     1 ||     1
 Cast: Shock             |    14 |     4 ||    18
Evoke: Wand              |       |     1 ||     1
 Stab: Sleeping          |    11 |     4 ||    15
  Eat: Chunk             |       |     1 ||     1
Armor: Skin              |    17 |    20 ||    37
Dodge: Dodged            |    50 |    53 ||   103
